 Dungeon Crawl Stone Soup version 0.31-a0-354-g827e095 (webtiles) character file.

Game seed: 17714820420126376726

2383 Dawnplanks the Cleaver (level 9, -4/74 (79) HPs)
             Began as a Hill Orc Fighter on July 23, 2023.
             Was an Initiate of Okawaru.
             Slain by a wight
             ... wielding a +3 scimitar
              (9 damage)
             ... on level 7 of the Dungeon.
             The game lasted 00:12:10 (6563 turns).

Dawnplanks the Cleaver (Hill Orc Fighter)           Turns: 6563, Time: 00:12:10

HP:   -4/74 (79)    AC: 12    Str: 23    XL:     9   Next: 45%
MP:   9/9           EV:  6    Int: 14    God:    Okawaru [......]
Gold: 245           SH:  8    Dex: 10    Spells: 8/8 levels left

rFire   . . .        a - +0 war axe
rCold   . . .        k - +0 kite shield
rNeg    . . .        w - +0 plate armour
rPois   .            (no helmet)
rElec   .            (no cloak)
rCorr   .            (no gloves)
SInv    .            (no boots)
Will    +....        (no amulet) Stlth
                     j - ring of willpower
HPRegen 0.32/turn    p - +6 ring of intelligence
MPRegen 0.11/turn

%: no passive effects
@: drained, invisible
A: no striking features
a: Renounce Religion


You were on level 7 of the Dungeon.
You worshipped Okawaru.
Okawaru was noncommittal.
You visited 2 branches of the dungeon, and saw 8 of its levels.

You collected 245 gold pieces.

Inventory:

Hand Weapons
 a - a +0 war axe (weapon)
Missiles
 n - 3 boomerangs (quivered)
 q - 5 javelins
 D - 3 silver boomerangs
Armour
 k - a +0 kite shield (worn)
 w - a +0 plate armour (worn)
Jewellery
 j - a ring of willpower (left hand)
 l - a ring of fire
 p - a +6 ring of intelligence (right hand)
Wands
 x - a wand of flame (20)
 B - a wand of roots (5)
Scrolls
 b - 2 scrolls of blinking {unknown}
 e - 4 scrolls of revelation
 i - a scroll of brand weapon {unknown}
 o - a scroll of teleportation {unknown}
 r - a scroll of immolation {unknown}
 u - a scroll of fog {unknown}
 y - a scroll of poison {unknown}
 z - a scroll of summoning {unknown}
 A - a scroll of enchant armour {unknown}
Potions
 c - a potion of haste
 d - a potion of might
 f - a potion of berserk rage {unknown}
 h - 2 potions of degeneration
 m - a potion of enlightenment
 s - 2 potions of resistance
 t - a potion of curing
 C - a potion of mutation {unknown}


   Skills:
 + Level 7.0 Fighting
 * Level 12.5 Axes
 + Level 0.8 Throwing
 + Level 6.0 Armour
 + Level 1.3 Dodging
 + Level 5.0 Shields


You had 8 spell levels left.
You didn't know any spells.
Your spell library contained the following spells:

 Spells                   Type           Power      Damage    Failure   Level
 Sublimation of Blood     Necr           0%         N/A       100%        2
 Wereblood                Tmut           0%         N/A       100%        2
 Ozocubu's Armour         Ice            0%         N/A       100%        3
 Ozocubu's Refrigeration  Ice            0%         4d7       100%        7
 Summon Hydra             Summ           Unusable   N/A       N/A         7

Dungeon Overview and Level Annotations

Branches:
Dungeon (7/15)             Temple (1/1) D:7

Altars:
Ashenzari
Cheibriados
Dithmenos
Elyvilon
Fedhas
Gozag
Kikubaaqudgha
Makhleb
Nemelex Xobeh
Okawaru
Qazlal
Ru
Sif Muna
Trog
Uskayaw
Wu Jian
Xom
Yredelemnul
Zin
The Shining One

Shops:
D:6 (


Message History

You slash the wight!
The wight is almost destroyed.
The wight closely misses you.
You barely miss the wight.
The wight is almost destroyed.
The wight barely misses you.
You slash the wight!
You destroy the wight!
Okawaru accepts your kill.
Your life force feels restored.
Your Armour skill increases to level 6!
You hit the wight but do no damage. The wight barely misses you.
You hit the wight but do no damage. You block the wight's attack.
You catch the helpless wight completely off-guard!
You hit the wight.
The wight is moderately damaged.
The wight hits you with a +3 scimitar!
* * * LOW HITPOINT WARNING * * *
You feel drained.
* * * LOW HITPOINT WARNING * * *
You are confused.
You feel invigorated. The wight hits you but does no damage.
You hit the wight but do no damage.
The wight is moderately damaged.
The wight hits you with a +3 scimitar.
* * * LOW HITPOINT WARNING * * *
You feel drained.
* * * LOW HITPOINT WARNING * * *
You bump into the rock wall.
The wight hits you with a +3 scimitar.
* * * LOW HITPOINT WARNING * * *
You closely miss the wight.
The wight is moderately damaged.
You feel less invigorated.
You feel less confused. The wight hits you with a +3 scimitar!
* * * LOW HITPOINT WARNING * * *
You hit the wight.
The wight is heavily damaged.
The wight hits you with a +3 scimitar!
You die...

### ... ## #.....## ..
#...#...#.# ### #.. #####.#
#...#...#.# ####### .. ##
#.....## #...... . .###...##
#.##### ##. .#.###.#####.# #
#.. #...#...#.##.### #
#...#####@..#...#......# # .. .
#...#...#z..#...#.##.#.### ..
#.### #....z#.###.#..........
.###...###...###...##.#####..##
##.#.....#.###.#.....#..####..#
#.!. #.z.#...#...#..##.....#
#...#####...#...#####..##.###.#
#.z.#...#...#...#...#.........#
#.)..†#.###.#.....####.#####


You could see 2 wights.

Vanquished Creatures
  A wyvern (D:7)
  2 water moccasins
  An orc warrior (D:7)
  A sky beast (D:6)
  A black bear (D:6)
  2 ice beasts (D:6)
  2 ogres (D:6)
  2 phantoms (D:4)
  2 kobold brigands (D:6)
  A gnoll sergeant (D:5)
  2 wights (D:7)
  3 howler monkeys
  3 hounds
  6 orc priests
  2 jellies
  A sleepcap (D:4)
  4 iguanas
  14 gnolls
  9 adders
  A white imp (D:5)
  An ufetubus (D:4)
  2 worms
  5 dart slugs
  17 orcs
  10 ball pythons
  10 endoplasms
  2 giant cockroaches
  6 hobgoblins
  7 jackals
  16 kobolds
  6 quokkas
  10 bats
  2 frilled lizards
  10 goblins
  4 rats
168 creatures vanquished.

Notes
Turn   | Place    | Note
-------+----------+-------------------------------------------
     0 | D:1      | Dawnplanks the Hill Orc Fighter began the quest for the
                  | Orb.
     0 | D:1      | Reached XP level 1. HP: 19/19 MP: 1/1
   173 | D:1      | Reached XP level 2. HP: 27/27 MP: 2/2
   320 | D:1      | Reached skill level 3 in Axes
   444 | D:1      | Reached XP level 3. HP: 31/33 MP: 3/3
   481 | D:1      | Found a faded altar of an unknown god.
   886 | D:2      | Reached skill level 4 in Axes
  1058 | D:2      | Reached XP level 4. HP: 34/40 MP: 4/4
  1392 | D:3      | Reached skill level 5 in Axes
  1454 | D:3      | Reached XP level 5. HP: 40/46 MP: 5/5
  1838 | D:3      | Found a shimmering altar of Xom.
  1838 | D:3      | Found a white marble altar of Elyvilon.
  1929 | D:4      | Noticed a phantom
  1944 | D:4      | Killed a phantom
  1945 | D:4      | Reached skill level 6 in Axes
  1945 | D:4      | Reached XP level 6. HP: 40/52 MP: 6/6
  2211 | D:4      | Reached skill level 1 in Dodging
  2241 | D:4      | Reached skill level 7 in Axes
  2407 | D:4      | Reached XP level 7. HP: 60/60 MP: 7/7
  2959 | D:5      | Entered Level 5 of the Dungeon
  3153 | D:5      | Reached skill level 8 in Axes
  4272 | D:5      | Reached skill level 9 in Axes
  4310 | D:6      | Found Kicedof's Antique Weapon Shoppe.
  4319 | D:6      | Reached XP level 8. HP: 50/67 MP: 8/8
  4321 | D:6      | Reached skill level 5 in Fighting
  4321 | D:6      | Reached skill level 5 in Armour
  4344 | D:6      | Reached skill level 10 in Axes
  4972 | D:6      | Reached skill level 11 in Axes
  5367 | D:6      | Reached XP level 9. HP: 69/75 MP: 9/9
  5517 | D:6      | Reached skill level 12 in Axes
  6045 | D:7      | Found a staircase to the Ecumenical Temple.
  6051 | Temple   | Entered the Ecumenical Temple
  6058 | Temple   | Became a worshipper of Warmaster Okawaru
  6180 | D:7      | Found a blossoming altar of Fedhas.
  6541 | D:7      | Reached skill level 5 in Shields
  6557 | D:7      | HP: 2/79 [wight/+3 scimitar (13)]
  6563 | D:7      | Slain by a wight

Illustrated notes

Levels and vault maps discovered:
D:1:      shiori_arrival_whats_in_store_for_you, layout_basic,
          hellmonk_ecumenical_altar_run_dry
D:2:      layout_basic
D:3:      layout_rooms, gammafunk_temple_overflow_wave
D:4:      layout_basic
D:5:      layout_loops_corners
D:6:      layout_layer_cave, serial_shops, nicolae_shop_hallway_stairs
D:7:      nicolae_cairo_tiling, layout_loops_corners,
          mainiacjoe_overflow_24_doors, minmay_temple_entry_grid
Temple:   minmay_crystal_spiral_temple

Skill      XL: |  1  2  3  4  5  6  7  8  9 |
---------------+----------------------------+-----
Fighting       | 4 6 7 |  7.0
Axes           | 3 4 5 6 7 9 11 12 | 12.5
Armour         | 4 5 6 |  6.0
Shields        | 4 5 |  5.0
Dodging        | 1 |  1.3
Throwing       | |  0.8

Action                     |  1- 3 |  4- 6 |  7- 9 || total
---------------------------+-------+-------+-------++-------
  Melee: War axe           |   130 |   160 |   306 ||   596
  Throw: Boomerang         |       |       |     4 ||     4
  Evoke: Wand              |       |       |     1 ||     1
    Use: Scroll            |       |       |     8 ||     8
         Potion            |       |       |     2 ||     2
   Stab: Invisible         |       |       |     1 ||     1
 Armour: Scale mail        |    85 |    66 |       ||   151
         Chain mail        |       |    23 |    30 ||    53
         Plate armour      |       |       |   121 ||   121
  Dodge: Dodged            |    65 |    62 |    58 ||   185
  Block: Buckler           |    37 |       |       ||    37
         Kite shield       |     2 |    82 |   124 ||   208

Table legend: (Time is in decaauts)
 A = Elapsed time spent in this place.
 B = Non-inter-level travel time spent in this place.
 C = Inter-level travel time spent in this place.
 D = Time resting spent in this place.
 E = Time spent auto-exploring this place.
 F = Levels seen in this place.
 G = Mean time per level.
                   A        B        C        D        E       F      G
               +--------+--------+--------+--------+--------+-----+--------+
         Total |   6714 |   6322 |    392 |    100 |   4881 |   8 |  839.2 |
       Dungeon |   6699 |   6319 |    380 |    100 |   4881 |   7 |  957.0 |
        Temple |     14 |      2 |     12 |      0 |      0 |   1 |   14.0 |
               +--------+--------+--------+--------+--------+-----+--------+

Top non-repeatable levels by time:
     D:6: 1619 daAuts
     D:5: 1261 daAuts
     D:4: 1173 daAuts
     D:1: 897 daAuts
     D:7: 640 daAuts
     D:3: 570 daAuts
     D:2: 536 daAuts
  Temple: 14 daAuts
